AoeStats
← Kaer Morhen

Lombardia

509699523Analyzed
3v3 RM · 5d ago on Sep 27, 2026· 38m 3s· 6 players
Game mode
Random Map
Map size
Normal (6 player)
Population
200
Speed
Normal
Resources
Standard
Victory
Conquest
Starting age
Dark Age
Ending age
Imperial Age
RankedLock teamsTeams togetherTeam positionsShared explorationLock speedFull tech treeHidden civsTurbo modeCheats
Victory
Defeat
🇨🇿 Berbers · Czechia
1333
+12
🇧🇪 Wei · Belgium
1283
+14
🇱🇾 Burgundians · Libya
1231
+16
🇦🇷 Huns · Argentina
1303
-16
🇦🇷 Burgundians · Argentina
1278
-16
🇦🇷 Lithuanians · Argentina
1139
-10
navy15
5:18 Double-Bit Axe
7:18 Loom
9:47 Feudal Age
9:19 Horse Collar
10:58 Heavy Plow
16:11 Gold Mining
17:39 Gold Shaft Mining
19:51 Castle Age
20:14 Forging
20:10 Scale Barding Armor
21:11 Wheelbarrow
21:49 Iron Casting
22:36 Chain Barding Armor
24:38 Cavalier
25:19 Husbandry
27:22 Crop Rotation
31:20 Bow Saw
35:30 Imperial Age
33:18 Hand Cart
35:40 Paladin
37:07 Plate Barding Armor
37:33 Blast Furnace
WEES
9:30 Loom
11:15 Feudal Age
12:34 Double-Bit Axe
15:56 Fletching
21:50 Castle Age
20:33 Wheelbarrow
19:41 Horse Collar
20:12 Scale Mail Armor
20:29 Forging
22:15 Elite Skirmisher
22:18 Pikeman
23:45 Heavy Plow
24:10 Scale Mail Armor
24:49 Squires
28:42 Thumb Ring
29:56 Chain Mail Armor
35:22 Treadmill Crane
RorrO Señor Feudal
10:35 Feudal Age
12:56 Double-Bit Axe
15:22 Castle Age
13:50 Horse Collar
14:23 Scale Barding Armor
17:23 Bow Saw
18:51 Loom
22:28 Gold Mining
23:51 Husbandry
25:08 Wheelbarrow
26:18 Town Watch
27:27 Bloodlines
29:35 Heavy Plow
30:07 Hand Cart
30:56 Fletching
31:37 Bodkin Arrow
31:25 Crossbowman
33:23 Ballistics
36:17 Imperial Age
34:48 Thumb Ring
34:45 Padded Archer Armor
35:04 Elite Skirmisher
36:35 Leather Archer Armor
Hane
11:09 Feudal Age
11:24 Feudal Age
12:26 Double-Bit Axe
15:25 Castle Age
13:40 Horse Collar
14:58 Loom
15:05 Gold Mining
16:28 Bow Saw
20:32 Wheelbarrow
20:47 Fletching
20:57 Padded Archer Armor
21:26 Heavy Plow
22:00 Bodkin Arrow
23:09 Leather Archer Armor
24:13 Gold Shaft Mining
24:02 Bloodlines
24:29 Hand Cart
25:36 Husbandry
26:45 Thumb Ring
29:03 Ballistics
29:26 Masonry
33:07 Imperial Age
33:50 Bracer
34:20 Ring Archer Armor
34:52 Chemistry
34:52 Parthian Tactics
35:26 Coinage
36:30 Conscription
Kaer Morhen
4:08 Loom
10:09 Feudal Age
10:58 Double-Bit Axe
10:56 Horse Collar
11:58 Wheelbarrow
19:45 Castle Age
18:42 Stone Mining
18:42 Gold Mining
20:05 Bloodlines
20:50 Heavy Plow
20:39 Town Watch
20:59 Husbandry
21:11 Scale Barding Armor
21:16 Forging
22:24 Chain Barding Armor
25:32 Hand Cart
25:35 Gold Mining
27:26 Iron Casting
30:22 Bow Saw
32:34 Gold Shaft Mining
32:35 Stone Shaft Mining
32:32 Arson
36:40 Imperial Age
37:19 Heavy Camel Rider
39:01 Blast Furnace
38:37 Plate Barding Armor
38:28 Conscription
38:10 Maghrebi Camels
boxe
7:04 Loom
9:30 Feudal Age
9:18 Double-Bit Axe
12:22 Wheelbarrow
14:43 Arson
20:44 Castle Age
19:44 Scale Mail Armor
19:38 Stone Mining
19:40 Gold Mining
21:03 Stone Shaft Mining
20:16 Horse Collar
20:53 Scale Barding Armor
21:01 Forging
24:37 Squires
24:56 Chain Mail Armor
25:23 Bow Saw
26:27 Iron Casting
26:41 Hand Cart
27:06 Hand Cart
28:29 Gold Shaft Mining
27:49 Pikeman
37:02 Imperial Age
35:26 Heavy Plow
36:09 Scale Barding Armor
36:11 Burgundian Vineyards
36:57 Husbandry
38:08 Chain Barding Armor
38:26 Conscription
Connection lost

Rejoining the realm…

Still unreachable

The connection could not be restored.

Session expired

The server has moved on; the page needs a fresh start.